Map: Honorgrounds LE

Players

TYTY (TY) - Winner!

  • Race: Terran Terran
  • Spawn Location: 5:00

aLive

  • Race: Terran Terran
  • Spawn Location: 7:00

Event: IEM XI Katowice - World Championship 2017

VOD

Have the link to the VOD?

Description

Time

  • Played on: March 5, 2017, 6:19 a.m.
  • Length: 11:29

All games in this series

Show
View Real Time Build Order
Export as new Build Order

TYTY Terran - Winner!

Build Orders: Reaper Expand, Bio Tank 

Get SALT Encoding   

  12  0:00  SCV  
  13  0:12  SCV  
  14  0:17  Supply Depot  
  14  0:24  SCV  
  15  0:29  Refinery  
  15  0:38  SCV  
  16  0:45  Barracks  
  16  0:51  SCV  
  17  1:03  SCV  
  18  1:15  SCV  
  19  1:32  Reaper  
  21  1:33  Orbital Command  
  20  1:43  Command Center  
  20  1:54  Factory  
  20  1:58  SCV  
  21  2:06  Supply Depot  
  21  2:07  Barracks Reactor  
  21  2:11  SCV  
  22  2:16  Refinery  
  22  2:23  SCV  
  23  2:35  SCV  
  24  2:37  Hellion  
  24  2:43  Marine x2, Starport  
  28  2:47  SCV  
  29  2:55  Orbital Command  
  29  2:59  SCV  
  29  3:01  Marine  
  29  3:03  Marine  
  32  3:06  Factory Tech Lab  
  32  3:12  SCV  
  31  3:19  Marine  
  32  3:21  Marine, SCV  
  34  3:27  Raven  
  34  3:29  SCV  
  34  3:30  Widow Mine  
  39  3:38  Marine x2  
  39  3:40  SCV  
  41  3:45  Supply Depot  
  41  3:47  SCV  
  42  3:52  SCV  
  43  3:56  Marine x2  
  45  4:10  Raven  
  45  4:12  SCV  
  45  4:13  SCV  
  45  4:14  Marine x2  
  51  4:17  Factory Tech Lab  
  51  4:20  Supply Depot  
  50  4:25  SCV x2  
  52  4:31  Command Center  
  52  4:32  Marine x2  
  53  4:39  SCV  
  53  4:41  Siege Tank  
  53  4:42  SCV  
  58  4:48  Supply Depot  
  58  4:49  Refinery  
  58  4:51  SCV  
  61  4:55  SCV  
  60  5:04  Viking  
  60  5:05  Viking  
  62  5:10  SCV x2  
  62  5:11  Refinery  
  62  5:12  Supply Depot x2  
  64  5:15  Marine  
  65  5:22  SCV x2  
  65  5:23  Siege Tank  
  70  5:34  Stimpack, SCV  
  71  5:41  SCV  
  72  5:44  Supply Depot, Orbital Command  
  72  5:45  Marine, Viking  
  72  5:46  SCV  
  72  5:49  Viking  
  78  5:53  SCV  
  77  5:58  SCV  
  77  5:59  Engineering Bay  
  77  6:00  Engineering Bay  
  77  6:02  Siege Tank  
  77  6:03  Marine  
  81  6:05  SCV  
  82  6:13  SCV  
  82  6:17  Orbital Command  
  84  6:20  SCV  
  84  6:21  Marine  
  84  6:23  Supply Depot  
  84  6:25  SCV  
  90  6:27  Terran Infantry Weapons Level 1  
  90  6:29  Terran Infantry Armor Level 1  
  86  6:34  SCV  
  86  6:37  Barracks  
  86  6:38  Marine  
  86  6:39  Siege Tank, Barracks  
  91  6:40  Starport Reactor, Missile Turret  
  91  6:42  SCV x2  
  91  6:46  SCV  
  94  6:54  Bunker  
  94  6:55  SCV  
  94  6:56  Marine, Missile Turret  
  94  6:58  SCV  
  94  7:00  SCV  
  98  7:05  Supply Depot  
  98  7:10  Missile Turret  
  98  7:11  SCV  
  98  7:14  Marine  
  97  7:17  SCV  
  97  7:19  Siege Tank  
  97  7:20  Viking x2  
  102  7:28  SCV x2  
  104  7:32  Marine  
  105  7:39  SCV  
  105  7:40  SCV  
  96  7:45  Marine x2  
  96  7:48  SCV  
  96  7:50  Marine  
  96  7:51  Siege Tank, SCV  
  98  7:52  SCV  
  100  8:00  Combat Shields, SCV, Armory, Marine x2, Starport Reactor, Refinery  
  100  8:01  Refinery, Barracks x2  
  100  8:03  Marine, SCV  
  100  8:04  Marine, Sensor Tower, SCV  
  107  8:07  Marine  
  108  8:17  Marine, SCV  
  108  8:18  Marine  
  113  8:21  Marine  
  113  8:22  Supply Depot, Marine  
  113  8:23  Supply Depot, Siege Tank  
  113  8:25  Marine  
  113  8:26  Supply Depot  
  117  8:35  Marine x2  
  117  8:38  Medivac x2  
  117  8:39  Marine  
  117  8:40  Marine  
  125  8:44  SCV  
  125  8:46  Factory  
  126  8:48  Barracks Reactor x2  
  126  8:51  Terran Infantry Weapons Level 2  
  126  8:53  Marine x2  
  126  8:55  Sensor Tower  
  128  8:57  Command Center  
  128  8:58  Terran Infantry Armor Level 2  
  128  8:59  Marine x3  
  128  9:01  SCV x3  
  134  9:03  Supply Depot  
  136  9:10  Siege Tank  
  136  9:11  Marine  
  136  9:13  Marine  
  139  9:17  Marine  
  139  9:18  Marine x2  
  139  9:19  Missile Turret, Barracks  
  139  9:22  Barracks  
  139  9:23  Medivac  
  144  9:25  Medivac  
  144  9:27  Marine  
  144  9:29  Marine  
  144  9:31  Marine  
  148  9:35  Marine x3  
  148  9:37  Marine x3  
  155  9:39  Supply Depot, Factory Tech Lab  
  155  9:44  Marine  
  155  9:46  Marine  
  155  9:49  Marine  
  155  9:50  SCV x2  
  149  9:52  Marine  
  149  9:53  Marine x2, SCV  
  149  9:55  Marine x3  
  149  9:59  Siege Tank  
  155  10:01  Siege Tank  
  155  10:03  Medivac  
  163  10:08  Marine x3  
  163  10:13  Marine x6  
  171  10:15  Barracks Reactor x2  
  169  10:21  Medivac  
  169  10:23  Planetary Fortress  
  169  10:25  Marine  
  169  10:26  Marine  
  169  10:29  Marine  
  169  10:31  Marine x3  
  169  10:33  Medivac  
  175  10:39  Siege Tank  
  175  10:41  Marine x2  
  180  10:49  Marine  
  180  10:50  Marine  
  180  10:51  Marine  
  180  10:52  Marine  
  180  10:53  Marine  
  180  10:54  Marine x5, Medivac  
  177  10:59  Marine x2, SCV  
  177  11:03  SCV x2  
  179  11:05  Marine  
  179  11:07  Marine  
  179  11:08  Marine  
  175  11:15  SCV x2  
Show
View Real Time Build Order
Export as new Build Order

aLive Terran 

Build Orders: 1/1/1, Bio Tank, Banshee Rush 

Get SALT Encoding   

  12  0:00  SCV  
  13  0:12  SCV  
  14  0:17  Supply Depot  
  14  0:24  SCV  
  15  0:30  Refinery  
  15  0:39  SCV  
  16  0:45  Barracks  
  16  0:51  SCV  
  16  0:56  Refinery  
  17  1:03  SCV  
  18  1:15  SCV  
  19  1:27  SCV  
  20  1:33  Factory  
  20  1:34  Reaper  
  21  1:44  Orbital Command  
  21  1:54  Supply Depot  
  21  2:07  Reaper  
  22  2:10  SCV  
  23  2:20  Starport  
  23  2:24  Hellion  
  23  2:26  SCV  
  25  2:38  SCV  
  25  2:40  Barracks Tech Lab  
  26  2:50  SCV  
  26  2:51  Supply Depot  
  27  2:52  Hellion  
  29  3:02  SCV  
  30  3:12  Cloaking Field, Banshee  
  29  3:13  Barracks Reactor  
  29  3:15  SCV  
  33  3:27  SCV  
  34  3:38  Command Center  
  32  3:42  Factory Tech Lab  
  32  3:48  SCV  
  33  3:51  Marine x2  
  33  3:55  Supply Depot  
  35  3:57  Raven  
  35  4:02  SCV  
  38  4:14  SCV  
  38  4:16  Marine x2  
  38  4:17  Siege Tank  
  44  4:23  Supply Depot  
  44  4:26  SCV  
  44  4:36  Marine x2  
  46  4:44  SCV  
  46  4:45  Raven  
  49  4:51  Orbital Command  
  49  5:00  Barracks x2  
  49  5:05  SCV  
  50  5:10  Marine, Siege Tank  
  50  5:11  Marine  
  55  5:17  Engineering Bay  
  55  5:18  SCV  
  56  5:22  SCV  
  57  5:30  SCV  
  57  5:34  SCV  
  59  5:38  Marine  
  59  5:39  Stimpack  
  59  5:42  SCV  
  61  5:43  Refinery x2  
  61  5:45  Terran Infantry Weapons Level 1  
  61  5:46  SCV  
  61  5:49  Supply Depot  
  62  5:54  SCV  
  62  5:55  Barracks Reactor  
  62  5:56  Barracks Reactor  
  63  5:59  SCV  
  63  6:00  Supply Depot  
  63  6:03  Marine  
  65  6:06  SCV  
  65  6:11  SCV  
  67  6:17  Viking  
  67  6:18  Viking, SCV  
  68  6:23  Supply Depot, SCV  
  68  6:24  Marine  
  71  6:28  Siege Tank  
  71  6:30  SCV  
  75  6:32  Marine  
  75  6:33  Marine x3  
  75  6:35  SCV  
  80  6:46  Marine, Supply Depot  
  81  6:49  SCV x2  
  81  6:50  Marine x2  
  81  6:51  Marine x2  
  87  6:59  Medivac  
  87  7:00  Medivac  
  91  7:04  Command Center  
  81  7:16  SCV x2  
  81  7:20  Marine x4  
  85  7:28  SCV  
  85  7:30  Armory  
  85  7:31  Engineering Bay, Barracks x2  
  72  7:45  Marine x5  
  72  7:46  SCV x2  
  75  7:52  Medivac  
  75  7:53  Medivac  
  77  7:58  SCV x2  
  79  8:08  Marine x5  
  79  8:09  Combat Shields, Siege Tank  
  87  8:14  SCV x2  
  87  8:16  Orbital Command  
  87  8:19  Barracks Reactor  
  89  8:21  Barracks Reactor  
  89  8:24  Terran Infantry Weapons Level 2  
  89  8:27  Terran Infantry Armor Level 1  
  89  8:34  Medivac  
  89  8:39  SCV x2  
  89  8:40  Marine  
  89  8:41  Marine x4  
  96  8:49  Supply Depot x2, Siege Tank  
  98  8:56  Marine  
  98  8:57  Marine x3  
  98  8:58  Marine x2  
  98  8:59  Marine x3  
  98  9:01  SCV x3  
  110  9:03  Refinery x2  
  110  9:06  Supply Depot, Factory  
  110  9:13  Medivac  
  110  9:14  Medivac  
  110  9:15  SCV x3  
  117  9:21  Sensor Tower  
  117  9:25  Supply Depot, Terran Vehicle Weapons Level 1  
  117  9:28  Supply Depot  
  117  9:35  Marine x7  
  117  9:36  Marine x2, Siege Tank  
  124  9:57  Marine x7  
  124  9:58  Marine x2  
  124  9:59  Factory Tech Lab, Medivac x2  
  130  10:17  Marine x8  
  130  10:18  Marine, Siege Tank x2  
  142  10:31  Viking x2  
  142  10:35  Marine x7  
  146  10:46  Barracks  
  146  10:49  Barracks  
  139  10:53  Sensor Tower  
  125  11:02  Marine x6  
  125  11:03  Marine  

Tags
 
Add a new tag
Caveats
  • Supply blocks, unpowered buildings, or Contaminate may cause inaccurate times.
  • Supply counts are checked every 10 seconds.